 Dungeon Crawl Stone Soup version 0.15-a0-885-g3d1b40c (console) character file.

65 Champion the Cudgeler (level 4, -2/48 HPs)
             Began as an Ogre Chaos Knight on May 18, 2014.
             Was a Plaything of Xom.
             Slain by an iron imp (8 damage)
             ... summoned by Xom
             ... on Level 3 of the Dungeon.
             The game lasted 00:03:26 (704 turns).

Champion the Cudgeler (Ogre Chaos Knight)            Turns: 704, Time: 00:03:26

HP  -2/48        AC  5     Str 17      XL: 4   Next: 13%
MP   4/4         EV 10     Int 11      God: Xom
Gold 131         SH  0     Dex 10      Spells:  0 memorised,  3 levels left

rFire  . . .     SeeInvis .     a - +0 mace (chaos)
rCold  . . .     Clarity  .     b - +2 robe
rNeg   . . .     Conserve .     (shield restricted)
rPois  .         rCorr    .     (helmet restricted)
rElec  .         rRot     .     (no cloak)
SustAb .         Spirit   .     (gloves unavailable)
rMut   .         Warding  .     (boots unavailable)
Gourm  .         Stasis   .     (no amulet)
MR     .....                    (no ring)
                                (no ring)

@: about to teleport, not resistant to hostile enchantments, very unstealthy
A: unfitting armour, tough skin 1
a: Renounce Religion


You were on level 3 of the Dungeon.
You worshipped Xom.
You were a beloved toy of Xom.
You were not hungry.

You visited 1 branch of the dungeon, and saw 4 of its levels.

You collected 131 gold pieces.

Inventory:

Hand weapons
 a - a +0,+0 mace of chaos (weapon)
Armour
 b - a +2 robe (worn)
Comestibles
 c - a meat ration
Scrolls
 e - a scroll of identify
 h - a scroll of remove curse
Potions
 i - a potion of curing
 k - a potion of restore abilities


   Skills:
 - Level 4.0 Fighting
 + Level 6.4 Maces & Flails
 - Level 2.1 Dodging


You had 3 spell levels left.
You didn't know any spells.

Dungeon Overview and Level Annotations

Branches:
Dungeon (4/15)
 Temple: D:4-7

Altars:
Xom

Annotations:
D:4 Prince Ribbit


Innate Abilities, Weirdness & Mutations

You are too large for most types of armour.
You have tough skin (AC +1).


Message History

As you read the scroll labeled SKAEFACUPT, it crumbles to dust.
The scroll dissolves into smoke.
It was a scroll of fog.
Read which item? (? for menu, Esc to quit)
As you read the scroll labeled QASTA JYMER, it crumbles to dust.
You hear snatches of song.
It was a scroll of random uselessness.
Something hits you.
* * * LOW HITPOINT WARNING * * *
Read which item? (? for menu, Esc to quit)
As you read the scroll labeled FRUOGO GUPLY, it crumbles to dust.
You hear a loud clanging noise!
It was a scroll of noise.
Read which item? (? for menu, Esc to quit)
As you read the scroll labeled TUMAMPAGIK, it crumbles to dust.
You feel blessed for a moment.
It was a scroll of remove curse.
Something hits you but does no damage.
Read which item? (? for menu, Esc to quit)
As you read the scroll labeled ROOPPA SHOCKU, it crumbles to dust.
You feel strangely unstable.
It was a scroll of teleportation.
Something hits you!
You die...

... #......#..## ... #..##....#.##
#.# #..##..#..#.## #.#
##....#.......# #.#
#.....%.#.#.#.## #.#
##.....#.......## #.#
#.#..#..#......#
..#####.##########...#...%##..#[#
............5ยง5{@#..#.....##...>#
..#####.##########.#..#.......#.#
#.......# #............#.#
#######.# ######.#......# #.# #..
########.# #.# #.. ..#.# #.# #.#
### #.#.# #.# #.#....####.#.#
#.#####.#.##.........


You could see a white imp.

Vanquished Creatures
  4 adders
  An orc (D:3)
  2 bats (D:2)
  6 goblins
  A hobgoblin (D:3)
  6 jackals (D:1)
  2 giant newts
  5 kobolds
  6 rats
33 creatures vanquished.

Vanquished Creatures (others)
  A bat (D:3)
1 creature vanquished.

Grand Total: 34 creatures vanquished

Notes
Turn   | Place    | Note
--------------------------------------------------------------
     0 | D:1      | Champion, the Ogre Chaos Knight, began the quest for the Orb.
     0 | D:1      | Reached XP level 1. HP: 24/24 MP: 1/1
     2 | D:1      | Noticed a gargoyle
     2 | D:1      | Noticed a tengu
     4 | D:1      | Noticed a dwarf
     6 | D:1      | Noticed a demigod
     6 | D:1      | Noticed a centaur
     8 | D:1      | Noticed an ogre
     8 | D:1      | Noticed a spriggan
    10 | D:1      | Noticed a draconian
    12 | D:1      | Noticed a ghoul
    14 | D:1      | Noticed a vine stalker
    14 | D:1      | Noticed a human
    16 | D:1      | Noticed a naga
    18 | D:1      | Noticed a vampire
    18 | D:1      | Noticed an elf
    20 | D:1      | Noticed a minotaur
    20 | D:1      | Noticed a troll
    22 | D:1      | Noticed a merfolk
    22 | D:1      | Noticed a felid
    24 | D:1      | Noticed an octopode
    26 | D:1      | Noticed a demonspawn
    26 | D:1      | Noticed a formicid
    37 | D:1      | XOM: harmless Pois miscast
   133 | D:1      | Reached XP level 2. HP: 26/32 MP: 2/2
   139 | D:1      | XOM: scenery: create altars
   221 | D:1      | Reached skill level 5 in Maces & Flails
   320 | D:2      | Reached XP level 3. HP: 30/39 MP: 3/3
   487 | D:3      | Reached skill level 6 in Maces & Flails
   575 | D:3      | XOM: confuse monster(s)
   596 | D:4      | Noticed Prince Ribbit
   599 | D:4      | XOM: confuse monster(s)
   606 | D:4      | XOM: enchant monster (bad)
   640 | D:3      | Reached XP level 4. HP: 38/48 MP: 4/4
   683 | D:3      | XOM: summons 2 hostile demons
   692 | D:3      | XOM: god gift: stone of tremors
   704 | D:3      | Slain by an iron imp

Action                   |  1- 3 |  4- 6 || total
-------------------------+-------+-------++-------
Melee: Mace              |    76 |     9 ||    85
  Use: Scroll            |     2 |     5 ||     7
 Stab: Confused          |     1 |       ||     1
